AoeStats
← zamithdaniel

Black Forest

507329099Analyzed
3v3 RM · 16d ago on Sep 17, 2026· 31m 47s· 6 players
Game mode
Random Map
Map size
Normal (6 player)
Population
200
Speed
Normal
Resources
Standard
Victory
Conquest
Starting age
Dark Age
Ending age
Imperial Age
RankedLock teamsTeams togetherTeam positionsShared explorationLock speedFull tech treeHidden civsTurbo modeCheats
Victory
Defeat
🇧🇪 Mongols · Belgium
1029
+15
🇧🇪 Vikings · Belgium
1026
+15
🇧🇪 Turks · Belgium
970
+19
🇵🇹 Ethiopians · Portugal
1048
-18
🇧🇷 Magyars · Brazil
1001
-16
🇨🇴 Turks · Colombia
992
-15
Tikke
6:10 Loom
12:28 Feudal Age
13:35 Double-Bit Axe
16:36 Castle Age
14:49 Horse Collar
25:20 Wheelbarrow
26:59 Stone Mining
29:29 Hand Cart
29:32 Bow Saw
30:45 Heavy Plow
31:46 Town Watch
Frak
2:04 Loom
13:52 Feudal Age
19:00 Castle Age
18:44 Double-Bit Axe
19:11 Fishing Lines
19:46 Horse Collar
24:51 Gold Mining
28:23 Heavy Plow
29:16 Bow Saw
30:07 Wheelbarrow
32:13 Hand Cart
32:42 Gold Shaft Mining
31:58 Stone Mining
Zorro
1:53 Loom
11:53 Feudal Age
12:30 Horse Collar
12:53 Double-Bit Axe
19:00 Castle Age
21:05 Town Watch
26:16 Gold Mining
26:17 Stone Mining
26:30 Town Patrol
27:15 Padded Archer Armor
27:06 Fletching
28:26 Gold Shaft Mining
28:09 Bow Saw
29:36 Caravan
30:56 Fletching
31:21 Leather Archer Armor
31:40 Coinage
31:21 Heavy Plow
31:32 Elite Skirmisher
zamithdaniel
11:56 Feudal Age
12:31 Horse Collar
18:10 Castle Age
17:53 Horse Collar
24:35 Double-Bit Axe
26:35 Heavy Plow
Digital Hazard
11:46 Feudal Age
13:04 Double-Bit Axe
15:47 Castle Age
14:03 Horse Collar
17:53 Wheelbarrow
18:43 Heavy Plow
23:30 Fletching
23:34 Crossbowman
24:39 Gold Mining
27:06 Gold Shaft Mining
28:19 Bow Saw
29:22 Hand Cart
felipe
1:45 Loom
13:00 Feudal Age
13:40 Double-Bit Axe
15:45 Horse Collar
20:40 Bloodlines
24:17 Castle Age
23:18 Gold Mining
26:02 Bow Saw
26:05 Heavy Plow
27:03 Stone Mining
29:44 Gold Shaft Mining
30:15 Wheelbarrow
29:26 Town Watch
29:35 Fletching
31:21 Bodkin Arrow
31:54 Ballistics
Connection lost

Rejoining the realm…

Still unreachable

The connection could not be restored.

Session expired

The server has moved on; the page needs a fresh start.